 Dungeon Crawl Stone Soup version 0.17-a0-2108-g65e8068 (webtiles) character file.

121 Bezhaha1 the Skirmisher (level 4, -1/67 HPs)
             Began as a Minotaur Fighter on Oct 19, 2015.
             Succumbed to poison (a potion of poison)
             ... on level 3 of the Dungeon.
             The game lasted 00:03:58 (1750 turns).

Bezhaha1 the Skirmisher (Minotaur Fighter)          Turns: 1750, Time: 00:03:58

Health: -1/67      AC: 24    Str: 22      XL:     4   Next: 77%
Magic:  3/3        EV:  2    Int:  5      God:
Gold:   121        SH:  9    Dex: 12 (14) Spells: 0 memorised, 3 levels left

rFire  . . .     SeeInvis .     a - +0 war axe
rCold  . . .     Clarity  .     (armour currently unavailable)
rNeg   + + +     SustAt   .     c - +0 shield
rPois  +         Gourm    .     (helmet currently unavailable)
rElec  .         Spirit   .     (cloak currently unavailable)
rCorr  .         Warding  .     (gloves currently unavailable)
rMut   .         NoTele   +     (boots currently unavailable)
MR     .....                    p - amulet of faith
Stlth  ++........               (no ring)
                                o - +2 ring of protection

@: agile, lethally poisoned (-1 -> -19), tree-form, not resistant to hostile
enchantments, unstealthy
A: (retaliatory headbutt), (horns 0)
a: no special abilities


You were on level 3 of the Dungeon.
You were not hungry.
You were a tree.
You visited 1 branch of the dungeon, and saw 3 of its levels.

You collected 121 gold pieces.

Inventory:

Hand Weapons
 a - a +0 war axe (weapon)
Armour
 b - a +0 scale mail (melded)
 c - a +0 shield (worn)
Jewellery
 o - a +2 ring of protection (left branch)
 p - an amulet of faith (around neck)
 q - an uncursed amulet of clarity
Scrolls
 g - a scroll of immolation {unknown}
 h - 4 scrolls of identify {unknown}
 j - a scroll of fear {unknown}
 k - a scroll of amnesia {unknown}
 n - a scroll of fog {unknown}
 r - a scroll of random uselessness {unknown}
 u - a scroll of remove curse {unknown}
Potions
 d - 2 potions of might
Comestibles
 e - 5 bread rations
 f - 6 chunks of flesh
 m - a meat ration


   Skills:
 + Level 6.7 Fighting
 - Level 2.4 Axes
 - Level 3.6 Armour
 - Level 3.6 Shields


You had 3 spell levels left.
You didn't know any spells.

Dungeon Overview and Level Annotations

Branches:
Dungeon (3/15)

Altars:


Innate Abilities, Weirdness & Mutations

((You reflexively headbutt those who attack you in melee.))
((You have a pair of horns on your head.))


Message History

* * * LOW HITPOINT WARNING * * *
You feel sick.
Drink which item? (? for menu, Esc to quit)
It was a potion of magic.
Magic courses through your body.
* * * LOW HITPOINT WARNING * * *
You feel sick.
Drink which item? (? for menu, Esc to quit)
It was a potion of poison.
That liquid tasted very nasty...
You are more poisoned.
* * * LOW HITPOINT WARNING * * *
You feel sick.
Drink which item? (? for menu, Esc to quit)
It was a potion of lignification.
You turn into a tree.
Your +0 scale mail melds into your body.
Your roots penetrate the ground.
* * * LOW HITPOINT WARNING * * *
You feel sick.
Drink which item? (? for menu, Esc to quit)
It was a potion of flight.
Your roots keep you in place.
You die...

#.............###.
......+.............>##.
......#......##########.
........####<......###÷
.......# ##..........
####.....# #........#.
#........#####........#.
......))............#...
......)♣.)....##########
......†.......#....#
....#.......#.#....# ..#
#.......#......# .
#.......#......#
#.......#[.....###
#.......#......'.#
........##.....#.#
....... #######.#


There were no monsters in sight!

Vanquished Creatures
  A gnoll (D:1)
  6 adders
  A worm (D:2)
  A giant gecko (D:1)
  4 orcs (D:3)
  4 giant cockroaches
  6 goblins
  7 hobgoblins
  2 jackals (D:3)
  5 kobolds
  A ball python (D:2)
  4 bats
  5 giant newts
  8 rats
55 creatures vanquished.

Notes
Turn   | Place    | Note
--------------------------------------------------------------
     0 | D:1      | Bezhaha1 the Minotaur Fighter began the quest for the Orb.
     0 | D:1      | Reached XP level 1. HP: 19/19 MP: 0/0
   177 | D:1      | Reached skill level 4 in Fighting
   191 | D:1      | Reached XP level 2. HP: 22/28 MP: 1/1
   490 | D:1      | Reached skill level 5 in Fighting
   588 | D:1      | Reached XP level 3. HP: 34/36 MP: 2/2
  1190 | D:2      | Reached XP level 4. HP: 44/44 MP: 3/3
  1285 | D:2      | Reached skill level 6 in Fighting
  1748 | D:3      | HP: 2/45 [poison (a potion of poison)]
  1750 | D:3      | Succumbed to poison (a potion of poison)

Vault maps used:
D:1:      lightli_arrival_boilingwater, minmay_ruptured
D:2:      st_stairs_6
D:3:      kennysheep_goblin_castle, ecumenical_altar_2, bloody_makhleb,
          uniq_iyjb

Action                   |  1- 3 |  4- 6 || total
-------------------------+-------+-------++-------
Melee: War axe           |    94 |    43 ||   137
  Use: Potion            |     1 |     6 ||     7
  Eat: Chunk             |     1 |     2 ||     3
